 Dungeon Crawl Stone Soup version 0.30.1 (webtiles) character file.

Game seed: 15387012959417679941

847 7w4c the Caller (level 8, -46/54 HPs)
             Began as a Merfolk Summoner on July 12, 2023.
             Was a Believer of Elyvilon.
             Killed by an exploding themself (48 damage)
             ... ignited by their inner flame
             ... on level 6 of the Dungeon.
             The game lasted 00:18:45 (5662 turns).

7w4c the Caller (Merfolk Summoner)                  Turns: 5662, Time: 00:18:50

Health: -46/54     AC:  3    Str:  8    XL:     8   Next: 1%
Magic:  10/15      EV: 18    Int: 16    God:    Elyvilon [**....]
Gold:   295        SH:  0    Dex: 15    Spells: 8/17 levels left

rFire   . . .        i - +2 dagger (speed)
rCold   . . .        (no shield)
rNeg    . . .        a - +0 robe
rPois   .            (no helmet)
rElec   .            (no cloak)
rCorr   .            o - +0 pair of gloves
SInv    .            (no boots)
Will    .....        (no amulet)
Stlth   ++           c - +5 ring of evasion
HPRegen 0.29/turn    (no ring)
MPRegen 0.14/turn

%: no passive effects
@: no status effects
A: (nimble swimmer 2), mertail
a: Renounce Religion, Purification, Heal Other


You were on level 6 of the Dungeon.
You worshipped Elyvilon.
Elyvilon was pleased with you.
You visited 1 branch of the dungeon, and saw 6 of its levels.

You collected 295 gold pieces.

Inventory:

Hand Weapons
 i - a +2 dagger of speed (weapon)
Armour
 a - a +0 robe (worn)
 o - a +0 pair of gloves (worn)
Jewellery
 c - a +5 ring of evasion (left hand)
Wands
 b - a wand of flame (21)
 r - a wand of digging (2)
 s - a wand of roots (8)
Scrolls
 e - a scroll of torment
 h - a scroll of fog
 l - 3 scrolls of identify
 m - 2 scrolls of amnesia
 q - a scroll of vulnerability {unknown}
Potions
 d - a potion of lignification {unknown}
 f - a potion of cancellation
 g - a potion of attraction {unknown}
 j - 2 potions of haste {unknown}
 p - 2 potions of flight {unknown}


   Skills:
 + Level 1.2 Fighting
 + Level 2.3 Short Blades
 + Level 0.2 Maces & Flails
 + Level 3.7 Dodging
 + Level 3.2 Stealth
 + Level 5.1 Spellcasting
 + Level 1.2 Hexes
 + Level 6.7 Summonings


You had 8 spell levels left.
You knew the following spells:

 Your Spells              Type           Power      Damage    Failure   Level
a - Summon Small Mammal   Summ           100%       N/A       1%          1
b - Call Imp              Summ           50%        N/A       1%          2
c - Call Canine Familiar  Summ           25%        N/A       2%          3
d - Summon Guardian Gole  Hex/Summ       16%        N/A       9%          3

Your spell library contained the following spells:

 Spells                   Type           Power      Damage    Failure   Level
 Apportation              Tloc           8%         N/A       16%         1
 Shock                    Conj/Air       16%        1d4       16%         1
 Inner Flame              Hex/Fire       6%         N/A       34%         3
 Summon Lightning Spire   Summ/Air       14%        N/A       36%         4
 Ozocubu's Armour         Ice            4%         N/A       41%         3
 Swiftness                Air            4%         N/A       41%         3
 Airstrike                Air            2%         2d(1-17)  83%         4
 Flame Wave               Conj/Fire      4%         2d5       83%         4
 Sticky Flame             Conj/Fire      4%         2d3       83%         4
 Alistair's Intoxication  Tmut/Pois      2%         N/A       99%         5
 Blade Hands              Tmut           2%         N/A       99%         5
 Irradiate                Conj/Tmut      2%         3d12      99%         5
 Dragon Form              Tmut           2%         N/A       100%        7
 Ozocubu's Refrigeration  Ice            2%         4d7       100%        7


Dungeon Overview and Level Annotations

Branches:
Dungeon (6/15)
 Temple: D:4-7

Altars:
Elyvilon
Qazlal
Ru
Sif Muna
Wu Jian
Yredelemnul
Zin
The Shining One

Shops:
D:1 (


Innate Abilities, Weirdness & Mutations

((You are very nimble when in or above water. (Stealth+, EV+, Speed+++)))
Your lower body shifts to a powerful aquatic tail in water.


Message History

You hit the centaur. You punch the centaur.
The centaur is heavily wounded.
The centaur misses you. The centaur closely misses you.
You completely miss the centaur.
The centaur is heavily wounded.
The centaur misses you. The centaur closely misses you.
Your guardian golem is engulfed in blazing flames.
Flame seeps out of your guardian golem.
You hit the centaur.
The centaur is severely wounded.
The centaur hits you. Elyvilon protects you from harm! The centaur kicks you.
* * * LOW HITPOINT WARNING * * *
You hit the centaur but do no damage.
The centaur is severely wounded.
The centaur barely misses you. The centaur misses you.
Your guardian golem is engulfed in blazing flames.
Flame seeps out of your guardian golem.
You hit the centaur.
The centaur is severely wounded.
The centaur hits you. Elyvilon protects you from harm! The centaur misses you.
You hit the centaur.
The centaur is severely wounded.
Your guardian golem is engulfed in blazing flames.
Flame seeps out of your guardian golem.
The centaur hits you but does no damage.
The centaur closely misses you.
You hit the centaur but do no damage.
The centaur is severely wounded.
It was a potion of cancellation.
You feel magically purged. The centaur barely misses you.
The centaur closely misses you.
Your guardian golem is engulfed in blazing flames.
Your guardian golem disappears in a puff of smoke!
Your guardian golem explodes!
The fiery explosion engulfs you!!!
Ouch! That really hurt!
You die...

########### ##
#..).......
....###.#c.c.....
.....○...§.>.....
.?..###§###§.....
.. #○○@c§.....
#####§.#### .# #


You could see a centaur.

Vanquished Creatures
  A howler monkey (D:5)
  A hound (D:5)
  An orc priest (D:5)
  A sleepcap (D:4)
  2 adders
  An ufetubus (D:5)
  A bat (D:3)
  An endoplasm (D:3)
  A giant cockroach (D:3)
  2 goblins (D:1)
  4 hobgoblins
  A quokka (D:1)
  2 ball pythons (D:3)
  2 rats (D:2)
21 creatures vanquished.

Vanquished Creatures (collateral kills)
  An ogre (D:3)
  A howler monkey (D:4)
  A jelly (D:3)
  An orc priest (D:4)
  3 orc wizards (D:5)
  3 gnolls (D:3)
  5 adders
  A worm (D:3)
  A dart slug (D:4)
  12 orcs
  4 ball pythons
  5 endoplasms
  A giant cockroach (D:3)
  3 goblins
  2 hobgoblins
  6 jackals
  3 quokkas (D:4)
  2 bats (D:1)
  4 frilled lizards
  6 kobolds
  4 rats
69 creatures vanquished.

Vanquished Creatures (others)
  A steam dragon (D:6)
  A black bear (D:5)
  Ijyb (D:3)
  An iguana (D:5)
  2 orcs (D:5)
6 creatures vanquished.

Grand Total: 96 creatures vanquished

Notes
Turn   | Place    | Note
-------+----------+-------------------------------------------
     0 | D:1      | 7w4c the Merfolk Summoner began the quest for the Orb.
     0 | D:1      | Reached XP level 1. HP: 13/13 MP: 3/3
   406 | D:1      | Reached XP level 2. HP: 19/19 MP: 0/5
  1129 | D:1      | Found Imuedgh's Weapon Shoppe.
  1487 | D:2      | Reached XP level 3. HP: 23/24 MP: 2/6
  1490 | D:2      | Learned a level 2 spell: Call Imp
  1498 | D:2      | Learned a level 3 spell: Call Canine Familiar
  1904 | D:2      | Found a faded altar of an unknown god.
  1916 | D:2      | Prayed at the altar of an unknown god.
  1916 | D:2      | Became a worshipper of Ru the Awakened
  2090 | D:3      | Reached XP level 4. HP: 26/31 MP: 2/8
  2146 | D:3      | Noticed an ogre
  2156 | D:3      | Killed an ogre
  2157 | D:3      | Reached skill level 1 in Short Blades
  2157 | D:3      | Reached skill level 5 in Summonings
  2157 | D:3      | Reached XP level 5. HP: 36/36 MP: 2/9
  2392 | D:3      | Learned a level 3 spell: Summon Guardian Golem
  2589 | D:3      | Noticed Ijyb
  2638 | D:3      | Killed Ijyb
  2639 | D:3      | Reached XP level 6. HP: 30/42 MP: 4/11
  2802 | D:3      | Found a white marble altar of Elyvilon.
  2809 | D:3      | Fell from the grace of Ru
  2809 | D:3      | Became a worshipper of Elyvilon the Healer
  2906 | D:3      | Found a shimmering blue altar of Sif Muna.
  3165 | D:3      | Found a glowing silver altar of Zin.
  3219 | D:3      | Found an ornate altar of the Wu Jian Council.
  3605 | D:4      | Found a basalt altar of Yredelemnul.
  3692 | D:4      | Reached * piety under Elyvilon
  3781 | D:4      | Found a glowing golden altar of the Shining One.
  4299 | D:5      | Entered Level 5 of the Dungeon
  4336 | D:5      | Reached skill level 1 in Fighting
  4336 | D:5      | Reached skill level 6 in Summonings
  4346 | D:5      | Reached XP level 7. HP: 43/48 MP: 9/13
  4721 | D:5      | Found a stormy altar of Qazlal.
  5165 | D:5      | Reached skill level 1 in Hexes
  5327 | D:5      | Reached ** piety under Elyvilon
  5621 | D:6      | Noticed a steam dragon
  5643 | D:6      | Killed a steam dragon
  5644 | D:6      | Reached skill level 5 in Spellcasting
  5644 | D:6      | Reached XP level 8. HP: 15/54 MP: 11/15
  5648 | D:6      | HP: 2/54 [centaur (1)]
  5657 | D:6      | Elyvilon protects you from harm!
  5657 | D:6      | HP: 1/54 [centaur (2)]
  5659 | D:6      | Elyvilon protects you from harm!
  5662 | D:6      | Killed by an exploding themself... ignited by their inner
                  | flame

Illustrated notes

Levels and vault maps discovered:
D:1:      sevenhm_arrival_forest_fort_small_3, layout_basic, serial_shops, shop
D:2:      layout_basic, basic_ecumenical_altar
D:3:      layout_basic, nicolae_elyvilon_peaceful_grove, led_sif_pool,
          mainiacjoe_overflow_alcove_2, nicolae_wu_jian_glorious_leap,
          saegor_snake_ambush, uniq_ijyb
D:4:      layout_loops_ring, amcnicky_altar_gilded,
          mainiacjoe_overflow_concentric_impassable
D:5:      layout_loops_corners, kennysheep_mini
D:6:      layout_basic

Skill      XL: |  1  2  3  4  5  6  7 |
---------------+----------------------+-----
Dodging        | 3 |  3.7
Short Blades   | 1 2 |  2.3
Spellcasting   | 3 4 5 |  5.1
Summonings     | 5 6 |  6.7
Fighting       | 1 |  1.2
Stealth        | 3 |  3.2
Hexes          | 1 |  1.2
Maces & Flails | |  0.2

Action                     |  1- 3 |  4- 6 |  7- 9 || total
---------------------------+-------+-------+-------++-------
  Melee: Club              |     6 |       |       ||     6
         Short sword       |    16 |       |       ||    16
         Dagger            |    28 |    55 |    36 ||   119
         Punch             |       |     1 |     1 ||     2
   Cast: Summon Small Mamm |    38 |     5 |       ||    43
         Call Canine Famil |     5 |    17 |    11 ||    33
         Call Imp          |       |     2 |       ||     2
         Summon Guardian G |       |     4 |     8 ||    12
    Use: Scroll            |     1 |       |     5 ||     6
         Potion            |     1 |       |     1 ||     2
   Stab: Sleeping          |     3 |       |     1 ||     4
 Armour: Robe              |     7 |     8 |    15 ||    30
  Dodge: Dodged            |    67 |    65 |    70 ||   202
